Sabres vs Flames

Created - 17 février 2017 at 22:38

Goals
1 2 3 T
Sabres 0 1 1 2
Flames 3 1 1 5
Shots
1 2 3 T
Sabres 6 9 15 30
Flames 12 14 13 39

1st period

1. Flames , Alexander Semin 29 (Steve Eminger, Eric Staal) at 7:50
2. Flames , Eric Staal 21 (David Backes, Alexander Semin) at 14:18
3. Flames , David Backes 19 (Alexander Semin, Eric Staal) at 17:45

Penalties :
David Backes (Cal) for Hooking (Minor) at 0:47, Marcel Goc (Cal) for Holding (Minor) at 8:39, Alexander Semin (Cal) for Elbowing (Minor) at 19:28

2nd period

4. Flames , Mark Bell 4 (Jordin Tootoo, Ron Hainsey) at 10:22
5. Sabres , J.T. Miller 9 (Zach Bogosian, Rob Scuderi) at 14:21

Penalties :
Tomas Kaberle (Cal) for Holding (Minor) at 3:30, Steve Eminger (Cal) for Fighting (Major) at 10:26, Evander Kane (Buf) for Fighting (Major) at 10:26, Mike Leclerc (Buf) for Holding (Minor) at 15:25, Brad Marchand (Cal) for Holding (Minor) at 18:31

3rd period

6. Sabres , Danny Richmond 6 (Evander Kane, J.T. Miller) at 2:49
7. Flames , David Backes 20 (Eric Staal, Ron Hainsey) at 17:30

Penalties :
Danny Richmond (Buf) for Interference (Minor) at 12:00

Goalie Stats

Jonas Hiller (Buf), 23 saves from 24 shots - (0,958), 29:38 minutes
Robin Lehner (Buf), 11 saves from 15 shots - (0,733), L, 21-19-2, 30:22 minutes
Pekka Rinne (Cal), 28 saves from 30 shots - (0,933), W, 20-15-3, 60:00 minutes

Players Stats for Sabres

Player Name              G  A  P  +/- PIM S  H  SB GA TA FO     MP     PP MP  PK MP  
------------------------------------------------------------------------------------
Boyd Devereaux           0  0  0   0  0   1  2  0  0  0  4/5    10:13   0:08   1:53 
Brandon Bollig           0  0  0  -3  0   1  0  0  0  1  0/0     8:38   0:19   0:00 
Danny Richmond           1  0  1   1  2   3  1  1  0  2  0/0    24:12   5:57   1:32 
Erik Christensen         0  0  0  -3  0   3  1  1  0  0  3/5    12:23   4:12   0:00 
Evander Kane             0  1  1  -1  5   6  2  0  1  0  1/3    20:08   5:35   0:59 
J.T. Miller              1  1  2   0  0   1  3  1  0  1  8/26   22:09   5:35   0:28 
Jakub Kindl              0  0  0  -3  0   0  0  1  1  0  0/0    15:30   0:00   0:51 
Jaromir Jagr             0  0  0   0  0   4  0  0  0  0  0/0    17:30   0:31   1:12 
Jordan Leopold           0  0  0   1  0   0  1  0  1  1  0/0    20:45   3:58   1:35 
Kyle Okposo              0  0  0   0  0   2  3  1  1  0  0/0    19:33   5:14   0:00 
Matt Martin              0  0  0   0  0   1  0  0  0  0  0/0    17:38   3:59   0:00 
Michael Haley            0  0  0   0  0   0  3  0  0  0  1/1     8:08   0:00   0:08 
Mike Leclerc             0  0  0   0  2   1  2  0  0  0  0/0     8:56   0:00   0:56 
Randy Jones              0  0  0  -3  0   3  0  2  0  0  0/0    19:07   3:58   1:35 
Rob Scuderi              0  1  1  -1  0   0  0  0  0  2  0/0    17:56   0:00   2:04 
Ryan O'Reilly            0  0  0   0  0   0  0  0  1  0  6/21   14:00   0:00   0:46 
Zach Bogosian            0  1  1  -1  0   1  2  2  1  0  0/0    22:31   5:57   0:19 
Zack Kassian             0  0  0  -2  0   3  2  1  0  0  0/0    16:42   4:12   1:34 

Players Stats for Flames

Player Name              G  A  P  +/- PIM S  H  SB GA TA FO     MP     PP MP  PK MP  
------------------------------------------------------------------------------------
Alexander Semin          1  2  3   4  2   7  2  1  1  2  0/1    22:39   1:16   3:20 
Brad Marchand            0  0  0  -1  2   1  2  0  0  0  1/1    11:44   0:51   2:34 
Brendan Mikkelson        0  0  0   2  0   0  1  0  0  0  0/0    11:36   0:25   0:34 
Colin Wilson             0  0  0  -1  0   0  2  0  0  0  1/2     7:52   0:00   0:35 
David Backes             2  1  3   4  2   6  4  2  0  0  1/1    18:18   1:16   0:00 
Eric Staal               1  3  4   4  0   8  2  3  0  0  15/23  23:06   1:16   3:55 
Erik Johnson             0  0  0   0  0   3  0  0  2  2  0/0    21:24   2:32   0:37 
Jordin Tootoo            0  1  1   0  0   7  7  1  0  0  1/2    17:41   0:55   5:10 
Marcel Goc               0  0  0   0  2   0  4  0  1  0  6/9    14:22   0:47   4:16 
Mark Bell                1  0  1   0  0   2  3  0  1  0  0/0    12:08   0:09   0:00 
Michel Ouellet           0  0  0   0  0   0  1  0  1  0  0/1    10:48   1:32   0:00 
Noah Welch               0  0  0  -1  0   0  0  1  0  0  1/2     8:40   1:26   0:00 
Patrik Berglund          0  0  0   0  0   1  0  0  0  0  12/18  13:31   1:55   0:00 
Robyn Regehr             0  0  0   1  0   2  1  1  0  1  0/0    22:28   1:26   4:22 
Ron Hainsey              0  2  2   2  0   1  1  0  0  0  0/0    18:27   0:00   5:33 
Steve Eminger            0  1  1   2  5   1  3  3  0  1  0/0    23:23   0:00   5:33 
Steve Regier             0  0  0   0  0   0  1  0  1  0  0/1    10:28   1:32   0:00 
Tomas Kaberle            0  0  0  -1  2   0  3  1  0  0  0/0    21:24   2:32   3:11 

3 Stars

1 - Eric Staal (Cal)
2 - David Backes (Cal)
3 - Alexander Semin (Cal)

Power Play

Sabres - 0 on 5 Attempt(s) - 0,00%
Flames - 0 on 2 Attempt(s) - 0,00%

Penalty Kill

Sabres - 2 on 2 Attempt(s) - 100,00% - Score 0 goal in Penalty Kill
Flames - 5 on 5 Attempt(s) - 100,00% - Score 0 goal in Penalty Kill

Team Stat

Sabres - Hits : 22 - Faceoff Wins : 23 - Blocked Shots : 10 - Penalty Minutes : 9
Flames - Hits : 37 - Faceoff Wins : 38 - Blocked Shots : 13 - Penalty Minutes : 15

Official

Referees : Dwyer Gord and Leggo Mike
Linesman : Bryan Pancich and Mark Pare

Game Notes

Jonas Hiller enters game at 10:22 of 2nd period
Evander Kane beats up Steve Eminger at 10:26 of 2nd period

Finance

Level 1 -- Attendance: 4618 (76,97%) -- Ticket Income 411 002 $
Level 2 -- Attendance: 4001 (80,02%) -- Ticket Income 228 057 $
Level 3 -- Attendance: 1487 (74,35%) -- Ticket Income 49 071 $
Level 4 -- Attendance: 2959 (73,98%) -- Ticket Income 68 057 $
Luxury Box -- Attendance: 718 (71,80%) -- Ticket Income 121 342 $
Game was played at the Metal Center.
Total Attendance: 13783 (76,57%)
Total Ticket Income: 877 529 $
Other Income: 131 629 $
Total Income: 1 009 158 $

Sabres

5 vs 5 Forward 
   Center                   Left Wing                Right Wing               Time % Phy DF OF 
 1 J.T. Miller              Evander Kane             Jaromir Jagr             34     1   2  2  
 2 Ryan O'Reilly            Matt Martin              Kyle Okposo              30     1   2  2  
 3 Erik Christensen         Brandon Bollig           Zack Kassian             20     1   3  1  
 4 Boyd Devereaux           Michael Haley            Mike Leclerc             16     1   3  1  

5 vs 5 Defense 
   Defense                  Defense                                           Time % Phy DF OF 
 1 Rob Scuderi              Zach Bogosian                                     35     1   3  1  
 2 Jordan Leopold           Danny Richmond                                    35     1   3  1  
 3 Jakub Kindl              Randy Jones                                       30     1   3  1  
 4 Jakub Kindl              Randy Jones                                       0      1   3  1  

PowerPlay Forward 
   Center                   Left Wing                Right Wing               Time % Phy DF OF 
 1 J.T. Miller              Evander Kane             Kyle Okposo              60     1   1  3  
 2 Erik Christensen         Matt Martin              Zack Kassian             40     1   1  3  

PowerPlay Defense
   Defense                  Defense                                           Time % Phy DF OF 
 1 Danny Richmond           Zach Bogosian                                     65     1   2  2  
 2 Jordan Leopold           Randy Jones                                       35     1   3  1  

Penalty Kill 4 Players Forward 
   Center                   Wing                     Time % Phy DF OF 
 1 Boyd Devereaux           Mike Leclerc             50     1   4  0  
 2 Jaromir Jagr             Zack Kassian             50     1   3  1  

Penalty Kill 4 Players Defense
   Defense                  Defense                  Time % Phy DF OF 
 1 Rob Scuderi              Danny Richmond           65     1   4  0  
 2 Jordan Leopold           Randy Jones              35     1   4  0  

Penalty Kill - 3 Players Forward 
   Forward                                           Time % Phy DF OF 
 1 Boyd Devereaux                                    60     0   5  0  
 2 Mike Leclerc                                      40     0   5  0  

Penalty Kill - 3 Players Defense
   Defense                  Defense                  Time % Phy DF OF 
 1 Rob Scuderi              Danny Richmond           65     1   4  0  
 2 Jordan Leopold           Randy Jones              35     1   4  0  

4 vs 4 Forward 
   Center                   Wing                     Time % Phy DF OF 
 1 Erik Christensen         Mike Leclerc             60     1   2  2  
 2 Evander Kane             Zack Kassian             40     1   2  2  

4 vs 4 Defense
   Defense                  Defense                  Time % Phy DF OF 
 1 Rob Scuderi              Zach Bogosian            50     1   2  2  
 2 Jordan Leopold           Danny Richmond           50     1   3  1  

Last Minutes Offensive
   Center                   Left Wing                Right Wing               Defense                  Defense                  
   Erik Christensen         Evander Kane             Kyle Okposo              Danny Richmond           Zach Bogosian            

Last Minutes Defensive
   Center                   Left Wing                Right Wing               Defense                  Defense                  
   Boyd Devereaux           Mike Leclerc             Jaromir Jagr             Rob Scuderi              Danny Richmond           

Goaltenders
Starting : Robin Lehner             
Backup : Jonas Hiller             

Extra Forwards
Normal : Zack Kassian, J.T. Miller, Evander Kane - PP : Jaromir Jagr, Brandon Bollig - PK : Jaromir Jagr
Extra Defensemen
Normal : Jakub Kindl, Zach Bogosian, Danny Richmond - PP : Rob Scuderi - PK : Zach Bogosian, Jakub Kindl
Penalty Shots
Evander Kane, Jaromir Jagr, Kyle Okposo, Boyd Devereaux, Mike Leclerc

Flames

5 vs 5 Forward 
   Center                   Left Wing                Right Wing               Time % Phy DF OF 
 1 Eric Staal               Alexander Semin          David Backes             39     1   2  2  
 2 Patrik Berglund          Mark Bell                Jordin Tootoo            30     1   2  2  
 3 Marcel Goc               Steve Regier             Michel Ouellet           21     1   2  2  
 4 Colin Wilson             Brad Marchand            Noah Welch               10     1   2  2  

5 vs 5 Defense 
   Defense                  Defense                                           Time % Phy DF OF 
 1 Erik Johnson             Steve Eminger                                     40     1   2  2  
 2 Robyn Regehr             Tomas Kaberle                                     30     1   2  2  
 3 Ron Hainsey              Brendan Mikkelson                                 20     1   2  2  
 4 Robyn Regehr             Steve Eminger                                     10     1   2  2  

PowerPlay Forward 
   Center                   Left Wing                Right Wing               Time % Phy DF OF 
 1 Eric Staal               Alexander Semin          David Backes             60     1   1  3  
 2 Patrik Berglund          Steve Regier             Michel Ouellet           40     1   1  3  

PowerPlay Defense
   Defense                  Defense                                           Time % Phy DF OF 
 1 Erik Johnson             Tomas Kaberle                                     60     1   1  3  
 2 Robyn Regehr             Noah Welch                                        40     1   1  3  

Penalty Kill 4 Players Forward 
   Center                   Wing                     Time % Phy DF OF 
 1 Marcel Goc               Jordin Tootoo            60     1   3  1  
 2 Eric Staal               Alexander Semin          40     1   3  1  

Penalty Kill 4 Players Defense
   Defense                  Defense                  Time % Phy DF OF 
 1 Ron Hainsey              Steve Eminger            60     1   4  0  
 2 Robyn Regehr             Tomas Kaberle            40     1   4  0  

Penalty Kill - 3 Players Forward 
   Forward                                           Time % Phy DF OF 
 1 Eric Staal                                        60     1   4  0  
 2 Alexander Semin                                   40     1   4  0  

Penalty Kill - 3 Players Defense
   Defense                  Defense                  Time % Phy DF OF 
 1 Ron Hainsey              Steve Eminger            60     1   4  0  
 2 Robyn Regehr             Tomas Kaberle            40     1   4  0  

4 vs 4 Forward 
   Center                   Wing                     Time % Phy DF OF 
 1 Eric Staal               Alexander Semin          60     1   2  2  
 2 Patrik Berglund          Jordin Tootoo            40     1   2  2  

4 vs 4 Defense
   Defense                  Defense                  Time % Phy DF OF 
 1 Erik Johnson             Steve Eminger            60     1   2  2  
 2 Robyn Regehr             Tomas Kaberle            40     1   2  2  

Last Minutes Offensive
   Center                   Left Wing                Right Wing               Defense                  Defense                  
   Eric Staal               Alexander Semin          David Backes             Erik Johnson             Steve Eminger            

Last Minutes Defensive
   Center                   Left Wing                Right Wing               Defense                  Defense                  
   Eric Staal               Alexander Semin          David Backes             Erik Johnson             Steve Eminger            

Goaltenders
Starting : Pekka Rinne              
Backup : Craig Anderson           

Extra Forwards
Normal : Alexander Semin, Jordin Tootoo, Steve Regier - PP : Jordin Tootoo, Steve Regier - PK : Brad Marchand
Extra Defensemen
Normal : Erik Johnson, Tomas Kaberle, Ron Hainsey - PP : Noah Welch - PK : Erik Johnson, Tomas Kaberle
Penalty Shots
Eric Staal, Alexander Semin, Patrik Berglund, David Backes, Colin Wilson

% Time on Ice - Sabres

Lines # - Real PCT - Wanted PCT - Time Play
Normal Forward
1 - 35% - 34% - 15:58
2 - 30% - 30% - 14:02
3 - 18% - 20% - 8:07
4 - 17% - 16% - 8:00
Normal Defense
1 - 36% - 35% - 16:44
2 - 33% - 35% - 15:24
3 - 30% - 30% - 13:59
4 - 0% - 0% - 0:00
PP Forward
1 - 58% - 60% - 5:43
2 - 42% - 40% - 4:12
PP Defense
1 - 60% - 65% - 5:57
2 - 40% - 35% - 3:58
PK Forward
1 - 56% - 50% - 2:14
2 - 44% - 50% - 1:44
PK Defense
1 - 69% - 65% - 2:45
2 - 31% - 35% - 1:13
PK3 Forward
1 - 0% - 60%
2 - 0% - 40%
PK3 Defense
1 - 0% - 65%
2 - 0% - 35%
44 Forward
1 - 0% - 60%
2 - 0% - 40%
44 Defense
1 - 0% - 50%
2 - 0% - 50%
Last Minute Offensive  - 0:00
Last Minute Defensive  - 0:00
Total
Forward - 60:00
Defense - 60:00

% Time on Ice - Flames

Lines # - Real PCT - Wanted PCT - Time Play
Normal Forward
1 - 37% - 39% - 16:59
2 - 29% - 30% - 13:36
3 - 18% - 21% - 8:30
4 - 15% - 10% - 7:02
Normal Defense
1 - 41% - 40% - 18:50
2 - 29% - 30% - 13:13
3 - 23% - 20% - 10:37
4 - 7% - 10% - 3:27
PP Forward
1 - 47% - 60% - 1:52
2 - 53% - 40% - 2:06
PP Defense
1 - 64% - 60% - 2:32
2 - 36% - 40% - 1:26
PK Forward
1 - 71% - 60% - 7:00
2 - 29% - 40% - 2:55
PK Defense
1 - 56% - 60% - 5:33
2 - 44% - 40% - 4:22
PK3 Forward
1 - 0% - 60%
2 - 0% - 40%
PK3 Defense
1 - 0% - 60%
2 - 0% - 40%
44 Forward
1 - 0% - 60%
2 - 0% - 40%
44 Defense
1 - 0% - 60%
2 - 0% - 40%
Last Minute Offensive  - 0:00
Last Minute Defensive  - 0:00
Total
Forward - 60:00
Defense - 60:00

Play by Play

1st period


0:01 of 1st period - J.T. Miller wins face-off versus Eric Staal in neutral zone.
0:18 of 1st period - Alexander Semin is hit by Evander Kane and loses puck.
0:33 of 1st period - Snap shot by Erik Christensen.
0:33 of 1st period - Shot Blocked by Steve Eminger.
0:35 of 1st period - Slapshot by Rob Scuderi.
0:35 of 1st period - Shot Blocked by Steve Eminger.
0:37 of 1st period - Slapshot by Rob Scuderi.
0:37 of 1st period - Shot Blocked by David Backes.
0:39 of 1st period - Snap shot by Brandon Bollig.
0:39 of 1st period - Shot Misses the Net.
0:47 of 1st period - Minor Penalty to David Backes for Hooking.
0:48 of 1st period - Marcel Goc wins face-off versus J.T. Miller in Flames zone.
1:13 of 1st period - Zach Bogosian is hit by Eric Staal and loses puck.
2:47 of 1st period - Penalty to David Backes is over, David Backes is back on ice.
3:29 of 1st period - Zach Bogosian is hit by Jordin Tootoo and loses puck.
3:36 of 1st period - Brendan Mikkelson is hit by Mike Leclerc and loses puck.
4:44 of 1st period - Brandon Bollig is hit by Steve Eminger and loses puck.
5:18 of 1st period - Matt Martin is hit by Marcel Goc and loses puck.
5:29 of 1st period - Matt Martin is hit by Brendan Mikkelson and loses puck.
5:43 of 1st period - J.T. Miller is hit by Jordin Tootoo and loses puck.
6:08 of 1st period - Danny Richmond is hit by Brad Marchand and loses puck.
6:17 of 1st period - Brad Marchand is hit by Mike Leclerc and loses puck.
6:30 of 1st period - Patrik Berglund is hit by Erik Christensen.
6:45 of 1st period - Wrist shot by Eric Staal.
6:45 of 1st period - Stopped by Robin Lehner without a rebound.
6:46 of 1st period - Eric Staal wins face-off versus Ryan O'Reilly in Sabres zone.
7:36 of 1st period - Snap shot by David Backes.
7:36 of 1st period - Shot Blocked by Zack Kassian.
7:38 of 1st period - Wrist shot by David Backes.
7:38 of 1st period - Shot Misses the Net.
7:44 of 1st period - Slapshot by Alexander Semin.
7:44 of 1st period - Shot Blocked by Randy Jones.
7:46 of 1st period - Wrist shot by Eric Staal.
7:46 of 1st period - Shot Hit the Post.
7:48 of 1st period - Slapshot by Steve Eminger.
7:48 of 1st period - Shot Misses the Net.
7:50 of 1st period - Slapshot by Steve Eminger.
7:50 of 1st period - Deflect By Alexander Semin.
7:50 of 1st period - Goal by Alexander Semin - Sabres : 0 - Flames : 1.
7:51 of 1st period - Evander Kane wins face-off versus Patrik Berglund in neutral zone.
7:54 of 1st period - Slapshot by Jaromir Jagr.
7:54 of 1st period - Stopped by Pekka Rinne without a rebound.
7:55 of 1st period - Patrik Berglund wins face-off versus J.T. Miller in Flames zone.
8:21 of 1st period - Icing by Robyn Regehr.
8:22 of 1st period - Ryan O'Reilly wins face-off versus Marcel Goc in Flames zone.
8:37 of 1st period - Backhand shot by Ryan O'Reilly.
8:37 of 1st period - Shot Misses the Net.
8:39 of 1st period - Minor Penalty to Marcel Goc for Holding.
8:40 of 1st period - Brad Marchand wins face-off versus J.T. Miller in Flames zone.
8:49 of 1st period - Ron Hainsey is hit by Kyle Okposo and loses puck.
10:07 of 1st period - Steve Eminger is hit by Jordan Leopold and loses puck.
10:34 of 1st period - Tomas Kaberle is hit by Boyd Devereaux and loses puck.
10:39 of 1st period - Penalty to Marcel Goc is over, Marcel Goc is back on ice.
10:57 of 1st period - Snap shot by Alexander Semin.
10:57 of 1st period - Shot Misses the Net.
11:37 of 1st period - J.T. Miller is hit by Steve Regier and loses puck.
11:42 of 1st period - Wrist shot by Brad Marchand.
11:42 of 1st period - Stopped by Robin Lehner with a rebound.
12:16 of 1st period - Randy Jones is hit by Ron Hainsey and loses puck.
12:34 of 1st period - Zack Kassian is hit by Marcel Goc and loses puck.
12:56 of 1st period - Brad Marchand is hit by Kyle Okposo and loses puck.
13:30 of 1st period - Steve Regier is hit by Michael Haley and loses puck.
13:39 of 1st period - Icing by Marcel Goc.
13:40 of 1st period - J.T. Miller wins face-off versus Marcel Goc in Flames zone.
13:53 of 1st period - Wrist shot by Evander Kane.
13:53 of 1st period - Stopped by Pekka Rinne with a rebound.
14:03 of 1st period - Snap shot by Alexander Semin.
14:03 of 1st period - Stopped by Robin Lehner without a rebound.
14:04 of 1st period - Ryan O'Reilly wins face-off versus Alexander Semin in Sabres zone.
14:04 of 1st period - Ryan O'Reilly is hit by Steve Eminger.
14:10 of 1st period - Wrist shot by Kyle Okposo.
14:10 of 1st period - Stopped by Pekka Rinne without a rebound.
14:11 of 1st period - Eric Staal wins face-off versus Evander Kane in Flames zone.
14:18 of 1st period - Wrist shot by Eric Staal.
14:18 of 1st period - Goal by Eric Staal - Sabres : 0 - Flames : 2.
14:19 of 1st period - Ryan O'Reilly wins face-off versus Eric Staal in neutral zone.
14:22 of 1st period - Slapshot by Danny Richmond.
14:22 of 1st period - Stopped by Pekka Rinne without a rebound.
14:23 of 1st period - Eric Staal wins face-off versus Ryan O'Reilly in Flames zone.
14:40 of 1st period - Snap shot by Alexander Semin.
14:40 of 1st period - Stopped by Robin Lehner without a rebound.
14:41 of 1st period - Patrik Berglund wins face-off versus J.T. Miller in Sabres zone.
14:44 of 1st period - Wrist shot by Jordin Tootoo.
14:44 of 1st period - Stopped by Robin Lehner with a rebound.
14:46 of 1st period - Wrist shot by Steve Eminger.
14:46 of 1st period - Stopped by Robin Lehner without a rebound.
14:47 of 1st period - Patrik Berglund wins face-off versus J.T. Miller in Sabres zone.
14:55 of 1st period - Wrist shot by Mark Bell.
14:55 of 1st period - Shot Blocked by Danny Richmond.
14:57 of 1st period - Slapshot by Erik Johnson.
14:57 of 1st period - Stopped by Robin Lehner with a rebound.
14:59 of 1st period - Slapshot by Jordin Tootoo.
14:59 of 1st period - Stopped by Robin Lehner without a rebound.
15:00 of 1st period - Eric Staal wins face-off versus Ryan O'Reilly in Sabres zone.
15:27 of 1st period - Evander Kane is hit by Mark Bell and loses puck.
15:49 of 1st period - Off-side.
15:50 of 1st period - Erik Christensen wins face-off versus Michel Ouellet in neutral zone.
16:15 of 1st period - Slapshot by Eric Staal.
16:15 of 1st period - Shot Misses the Net.
16:38 of 1st period - Wrist shot by Ryan O'Reilly.
16:38 of 1st period - Shot Misses the Net.
16:40 of 1st period - Wrist shot by Matt Martin.
16:40 of 1st period - Stopped by Pekka Rinne without a rebound.
16:41 of 1st period - Patrik Berglund wins face-off versus Ryan O'Reilly in Flames zone.
17:06 of 1st period - J.T. Miller is hit by Jordin Tootoo and loses puck.
17:17 of 1st period - Slapshot by Mark Bell.
17:17 of 1st period - Shot Misses the Net.
17:19 of 1st period - Snap shot by Ron Hainsey.
17:19 of 1st period - Deflect By Mark Bell.
17:19 of 1st period - Shot Misses the Net.
17:19 of 1st period - Puck is out of play.
17:20 of 1st period - Eric Staal wins face-off versus Ryan O'Reilly in Sabres zone.
17:33 of 1st period - Slapshot by Randy Jones.
17:33 of 1st period - Stopped by Pekka Rinne without a rebound.
17:34 of 1st period - Eric Staal wins face-off versus J.T. Miller in Flames zone.
17:41 of 1st period - Slapshot by Alexander Semin.
17:41 of 1st period - Stopped by Robin Lehner without a rebound.
17:42 of 1st period - Eric Staal wins face-off versus J.T. Miller in Sabres zone.
17:45 of 1st period - Wrist shot by David Backes.
17:45 of 1st period - Goal by David Backes - Sabres : 0 - Flames : 3.
17:46 of 1st period - Eric Staal wins face-off versus Ryan O'Reilly in neutral zone.
17:57 of 1st period - Wrist shot by Ryan O'Reilly.
17:57 of 1st period - Shot Blocked by Robyn Regehr.
18:44 of 1st period - Wrist shot by Steve Regier.
18:44 of 1st period - Shot Hit the Post.
19:28 of 1st period - Minor Penalty to Alexander Semin for Elbowing.
19:29 of 1st period - Marcel Goc wins face-off versus J.T. Miller in Flames zone.
Goals for this period are 0 for Sabres vs 3 for Flames.
Shots for this period are 6 for Sabres vs 12 for Flames.

2nd period


0:01 of 2nd period - Marcel Goc wins face-off versus J.T. Miller in neutral zone.
0:04 of 2nd period - J.T. Miller is hit by Steve Eminger and loses puck.
0:25 of 2nd period - Eric Staal is hit by Zack Kassian.
1:28 of 2nd period - Penalty to Alexander Semin is over, Alexander Semin is back on ice.
1:43 of 2nd period - Slapshot by Jakub Kindl.
1:43 of 2nd period - Shot Misses the Net.
2:31 of 2nd period - Boyd Devereaux is hit by Alexander Semin and loses puck.
2:42 of 2nd period - Patrik Berglund is hit by J.T. Miller and loses puck.
3:05 of 2nd period - Icing by Brad Marchand.
3:06 of 2nd period - Colin Wilson wins face-off versus Erik Christensen in Flames zone.
3:30 of 2nd period - Minor Penalty to Tomas Kaberle for Holding.
3:31 of 2nd period - Marcel Goc wins face-off versus Evander Kane in Flames zone.
4:18 of 2nd period - Robyn Regehr is hit by J.T. Miller and loses puck.
5:30 of 2nd period - Penalty to Tomas Kaberle is over, Tomas Kaberle is back on ice.
5:48 of 2nd period - Erik Johnson is hit by Michael Haley and loses puck.
6:23 of 2nd period - Wrist shot by Eric Staal.
6:23 of 2nd period - Deflect By David Backes.
6:23 of 2nd period - Stopped by Robin Lehner with a rebound.
6:37 of 2nd period - J.T. Miller is hit by Mark Bell and loses puck.
7:22 of 2nd period - Snap shot by Brad Marchand.
7:22 of 2nd period - Shot Blocked by Zach Bogosian.
7:47 of 2nd period - Icing by Erik Johnson.
7:48 of 2nd period - Patrik Berglund wins face-off versus Ryan O'Reilly in Flames zone.
8:14 of 2nd period - Snap shot by Evander Kane.
8:14 of 2nd period - Stopped by Pekka Rinne with a rebound.
8:52 of 2nd period - Ryan O'Reilly is hit by Jordin Tootoo and loses puck.
9:23 of 2nd period - Wrist shot by Boyd Devereaux.
9:23 of 2nd period - Stopped by Pekka Rinne without a rebound.
9:24 of 2nd period - J.T. Miller wins face-off versus Colin Wilson in Flames zone.
9:31 of 2nd period - Snap shot by Evander Kane.
9:31 of 2nd period - Shot Blocked by Noah Welch.
9:37 of 2nd period - Rob Scuderi is hit by Colin Wilson and loses puck.
10:20 of 2nd period - Snap shot by Jordin Tootoo.
10:20 of 2nd period - Stopped by Robin Lehner with a rebound.
10:22 of 2nd period - Slapshot by Mark Bell.
10:22 of 2nd period - Goal by Mark Bell - Sabres : 0 - Flames : 4.
10:22 of 2nd period - Jonas Hiller enters game.
10:23 of 2nd period - J.T. Miller wins face-off versus Eric Staal in neutral zone.
10:26 of 2nd period - Evander Kane beats up Steve Eminger.
10:26 of 2nd period - Penalty to Steve Eminger for Fighting.
10:26 of 2nd period - Penalty to Evander Kane for Fighting.
10:27 of 2nd period - Eric Staal wins face-off versus J.T. Miller in Flames zone.
10:32 of 2nd period - Danny Richmond is hit by David Backes.
10:36 of 2nd period - Slapshot by Jordan Leopold.
10:36 of 2nd period - Deflect By Jaromir Jagr.
10:36 of 2nd period - Stopped by Pekka Rinne without a rebound.
10:37 of 2nd period - J.T. Miller wins face-off versus Eric Staal in Flames zone.
10:44 of 2nd period - Slapshot by Jaromir Jagr.
10:44 of 2nd period - Shot Misses the Net.
10:50 of 2nd period - Danny Richmond is hit by Tomas Kaberle and loses puck.
10:57 of 2nd period - Slapshot by David Backes.
10:57 of 2nd period - Stopped by Jonas Hiller with a rebound.
11:41 of 2nd period - Snap shot by Eric Staal.
11:41 of 2nd period - Shot Misses the Net.
11:43 of 2nd period - Snap shot by David Backes.
11:43 of 2nd period - Shot Misses the Net.
11:57 of 2nd period - Snap shot by Eric Staal.
11:57 of 2nd period - Shot Misses the Net.
11:59 of 2nd period - Snap shot by Alexander Semin.
11:59 of 2nd period - Stopped by Jonas Hiller without a rebound.
12:00 of 2nd period - Patrik Berglund wins face-off versus Ryan O'Reilly in Sabres zone.
12:03 of 2nd period - Snap shot by Jordin Tootoo.
12:03 of 2nd period - Stopped by Jonas Hiller with a rebound.
12:05 of 2nd period - Slapshot by Robyn Regehr.
12:05 of 2nd period - Stopped by Jonas Hiller without a rebound.
12:06 of 2nd period - Patrik Berglund wins face-off versus Ryan O'Reilly in Sabres zone.
12:11 of 2nd period - Wrist shot by Jordin Tootoo.
12:11 of 2nd period - Stopped by Jonas Hiller without a rebound.
12:12 of 2nd period - Patrik Berglund wins face-off versus Ryan O'Reilly in Sabres zone.
12:13 of 2nd period - Snap shot by Jordin Tootoo.
12:13 of 2nd period - Shot Blocked by Zach Bogosian.
12:15 of 2nd period - Wrist shot by Jordin Tootoo.
12:15 of 2nd period - Stopped by Jonas Hiller with a rebound.
12:19 of 2nd period - Snap shot by Patrik Berglund.
12:19 of 2nd period - Stopped by Jonas Hiller without a rebound.
12:20 of 2nd period - Patrik Berglund wins face-off versus Ryan O'Reilly in Sabres zone.
12:31 of 2nd period - Ron Hainsey is hit by Zach Bogosian and loses puck.
12:38 of 2nd period - Snap shot by Mark Bell.
12:38 of 2nd period - Shot Blocked by Kyle Okposo.
12:40 of 2nd period - Slapshot by Ron Hainsey.
12:40 of 2nd period - Stopped by Jonas Hiller with a rebound.
12:42 of 2nd period - Slapshot by Mark Bell.
12:42 of 2nd period - Stopped by Jonas Hiller with a rebound.
12:44 of 2nd period - Slapshot by Robyn Regehr.
12:44 of 2nd period - Stopped by Jonas Hiller without a rebound.
12:45 of 2nd period - J.T. Miller wins face-off versus Eric Staal in Sabres zone.
12:50 of 2nd period - Snap shot by Jaromir Jagr.
12:50 of 2nd period - Shot Blocked by Eric Staal.
12:52 of 2nd period - Slapshot by Randy Jones.
12:52 of 2nd period - Shot Misses the Net.
12:54 of 2nd period - Snap shot by Jaromir Jagr.
12:54 of 2nd period - Stopped by Pekka Rinne with a rebound.
12:56 of 2nd period - Slapshot by Jaromir Jagr.
12:56 of 2nd period - Shot Blocked by Alexander Semin.
13:10 of 2nd period - Michael Haley is hit by Tomas Kaberle and loses puck.
13:31 of 2nd period - Slapshot by Erik Johnson.
13:31 of 2nd period - Stopped by Jonas Hiller without a rebound.
13:32 of 2nd period - Ryan O'Reilly wins face-off versus Patrik Berglund in Sabres zone.
13:57 of 2nd period - Zack Kassian is hit by Eric Staal and loses puck.
14:05 of 2nd period - Off-side.
14:06 of 2nd period - Patrik Berglund wins face-off versus J.T. Miller in neutral zone.
14:19 of 2nd period - Snap shot by Zach Bogosian.
14:19 of 2nd period - Stopped by Pekka Rinne with a rebound.
14:21 of 2nd period - Wrist shot by J.T. Miller.
14:21 of 2nd period - Goal by J.T. Miller - Sabres : 1 - Flames : 4.
14:22 of 2nd period - Ryan O'Reilly wins face-off versus Eric Staal in neutral zone.
14:37 of 2nd period - Snap shot by Kyle Okposo.
14:37 of 2nd period - Shot Blocked by David Backes.
14:47 of 2nd period - Zach Bogosian is hit by Jordin Tootoo.
15:11 of 2nd period - Backhand shot by Erik Christensen.
15:11 of 2nd period - Stopped by Pekka Rinne with a rebound.
15:25 of 2nd period - Minor Penalty to Mike Leclerc for Holding.
15:26 of 2nd period - Penalty to Evander Kane is over, Evander Kane is back on ice.
15:26 of 2nd period - David Backes wins face-off versus Boyd Devereaux in Sabres zone.
16:50 of 2nd period - Erik Johnson is hit by J.T. Miller and loses puck.
17:25 of 2nd period - Penalty to Mike Leclerc is over, Mike Leclerc is back on ice.
17:32 of 2nd period - Off-side.
17:33 of 2nd period - Noah Welch wins face-off versus Ryan O'Reilly in neutral zone.
17:48 of 2nd period - Snap shot by Kyle Okposo.
17:48 of 2nd period - Stopped by Pekka Rinne with a rebound.
18:24 of 2nd period - Slapshot by Randy Jones.
18:24 of 2nd period - Stopped by Pekka Rinne with a rebound.
18:31 of 2nd period - Minor Penalty to Brad Marchand for Holding.
18:32 of 2nd period - Marcel Goc wins face-off versus J.T. Miller in Flames zone.
18:49 of 2nd period - Ron Hainsey is hit by Kyle Okposo and loses puck.
19:42 of 2nd period - Alexander Semin is hit by Zack Kassian and loses puck.
Goals for this period are 1 for Sabres vs 1 for Flames.
Shots for this period are 9 for Sabres vs 14 for Flames.

3rd period


0:01 of 3rd period - Marcel Goc wins face-off versus J.T. Miller in neutral zone.
0:19 of 3rd period - Kyle Okposo is hit by Marcel Goc and loses puck.
0:31 of 3rd period - Penalty to Brad Marchand is over, Brad Marchand is back on ice.
0:53 of 3rd period - Snap shot by Alexander Semin.
0:53 of 3rd period - Shot Misses the Net.
1:05 of 3rd period - Snap shot by Alexander Semin.
1:05 of 3rd period - Shot Blocked by J.T. Miller.
1:07 of 3rd period - Wrist shot by Brad Marchand.
1:07 of 3rd period - Deflect By Alexander Semin.
1:07 of 3rd period - Stopped by Jonas Hiller without a rebound.
1:08 of 3rd period - Patrik Berglund wins face-off versus Erik Christensen in Sabres zone.
1:11 of 3rd period - Slapshot by Jordin Tootoo.
1:11 of 3rd period - Stopped by Jonas Hiller with a rebound.
1:19 of 3rd period - Snap shot by Erik Christensen.
1:19 of 3rd period - Stopped by Pekka Rinne with a rebound.
1:21 of 3rd period - Snap shot by Brandon Bollig.
1:21 of 3rd period - Stopped by Pekka Rinne with a rebound.
1:23 of 3rd period - Snap shot by Zack Kassian.
1:23 of 3rd period - Deflect By Tomas Kaberle.
1:23 of 3rd period - Shot Misses the Net.
1:23 of 3rd period - Puck is out of play.
1:24 of 3rd period - Boyd Devereaux wins face-off versus Marcel Goc in Flames zone.
1:27 of 3rd period - Snap shot by Mike Leclerc.
1:27 of 3rd period - Deflect By Boyd Devereaux.
1:27 of 3rd period - Shot Misses the Net.
1:27 of 3rd period - Puck is out of play.
1:28 of 3rd period - Boyd Devereaux wins face-off versus Steve Regier in Flames zone.
2:04 of 3rd period - Wrist shot by David Backes.
2:04 of 3rd period - Shot Misses the Net.
2:06 of 3rd period - Wrist shot by Eric Staal.
2:06 of 3rd period - Stopped by Jonas Hiller with a rebound.
2:08 of 3rd period - Wrist shot by Eric Staal.
2:08 of 3rd period - Stopped by Jonas Hiller with a rebound.
2:28 of 3rd period - Snap shot by Steve Eminger.
2:28 of 3rd period - Shot Blocked by Randy Jones.
2:30 of 3rd period - Slapshot by Steve Eminger.
2:30 of 3rd period - Shot Misses the Net.
2:40 of 3rd period - Jakub Kindl is hit by Colin Wilson and loses puck.
2:49 of 3rd period - Snap shot by Danny Richmond.
2:49 of 3rd period - Goal by Danny Richmond - Sabres : 2 - Flames : 4.
2:50 of 3rd period - Eric Staal wins face-off versus Ryan O'Reilly in neutral zone.
2:55 of 3rd period - Slapshot by Tomas Kaberle.
2:55 of 3rd period - Shot Misses the Net.
2:57 of 3rd period - Snap shot by David Backes.
2:57 of 3rd period - Deflect By Ryan O'Reilly.
2:57 of 3rd period - Stopped by Jonas Hiller without a rebound.
2:58 of 3rd period - Ryan O'Reilly wins face-off versus Eric Staal in Sabres zone.
2:58 of 3rd period - Ryan O'Reilly is hit by David Backes.
3:56 of 3rd period - Snap shot by David Backes.
3:56 of 3rd period - Deflect By Eric Staal.
3:56 of 3rd period - Stopped by Jonas Hiller with a rebound.
3:58 of 3rd period - Slapshot by Eric Staal.
3:58 of 3rd period - Stopped by Jonas Hiller without a rebound.
3:59 of 3rd period - J.T. Miller wins face-off versus Jordin Tootoo in Sabres zone.
3:59 of 3rd period - J.T. Miller is hit by Jordin Tootoo.
4:05 of 3rd period - Erik Johnson is hit by Evander Kane and loses puck.
4:14 of 3rd period - Zach Bogosian is hit by Jordin Tootoo and loses puck.
4:48 of 3rd period - Off-side.
4:49 of 3rd period - Michael Haley wins face-off versus Noah Welch in neutral zone.
5:04 of 3rd period - Slapshot by Randy Jones.
5:04 of 3rd period - Stopped by Pekka Rinne with a rebound.
5:14 of 3rd period - Slapshot by Zack Kassian.
5:14 of 3rd period - Stopped by Pekka Rinne with a rebound.
5:16 of 3rd period - Wrist shot by Zack Kassian.
5:16 of 3rd period - Stopped by Pekka Rinne with a rebound.
5:18 of 3rd period - Snap shot by Erik Christensen.
5:18 of 3rd period - Stopped by Pekka Rinne with a rebound.
5:20 of 3rd period - Backhand shot by Zack Kassian.
5:20 of 3rd period - Shot Misses the Net.
5:22 of 3rd period - Snap shot by Zack Kassian.
5:22 of 3rd period - Stopped by Pekka Rinne without a rebound.
5:23 of 3rd period - Eric Staal wins face-off versus J.T. Miller in Flames zone.
5:34 of 3rd period - Slapshot by Jordan Leopold.
5:34 of 3rd period - Shot Blocked by Eric Staal.
6:31 of 3rd period - Erik Johnson is hit by Michael Haley and loses puck.
6:46 of 3rd period - Backhand shot by Steve Regier.
6:46 of 3rd period - Shot Blocked by Jakub Kindl.
6:48 of 3rd period - Slapshot by Erik Johnson.
6:48 of 3rd period - Deflect By Michael Haley.
6:48 of 3rd period - Stopped by Jonas Hiller without a rebound.
6:49 of 3rd period - Eric Staal wins face-off versus J.T. Miller in Sabres zone.
7:49 of 3rd period - Off-side.
7:50 of 3rd period - Eric Staal wins face-off versus J.T. Miller in neutral zone.
8:03 of 3rd period - Slapshot by Ron Hainsey.
8:03 of 3rd period - Shot Misses the Net.
8:40 of 3rd period - Zach Bogosian is hit by Alexander Semin and loses puck.
9:13 of 3rd period - Snap shot by Alexander Semin.
9:13 of 3rd period - Stopped by Jonas Hiller with a rebound.
9:15 of 3rd period - Slapshot by David Backes.
9:15 of 3rd period - Stopped by Jonas Hiller with a rebound.
9:27 of 3rd period - Slapshot by Zach Bogosian.
9:27 of 3rd period - Shot Misses the Net.
9:35 of 3rd period - Snap shot by Evander Kane.
9:35 of 3rd period - Shot Misses the Net.
9:47 of 3rd period - Wrist shot by Jaromir Jagr.
9:47 of 3rd period - Shot Misses the Net.
9:57 of 3rd period - Zach Bogosian is hit by David Backes and loses puck.
10:02 of 3rd period - Snap shot by David Backes.
10:02 of 3rd period - Shot Misses the Net.
10:04 of 3rd period - Slapshot by Alexander Semin.
10:04 of 3rd period - Shot Misses the Net.
10:25 of 3rd period - Evander Kane is hit by David Backes and loses puck.
10:30 of 3rd period - Slapshot by Eric Staal.
10:30 of 3rd period - Stopped by Jonas Hiller without a rebound.
10:31 of 3rd period - Jordin Tootoo wins face-off versus Ryan O'Reilly in Sabres zone.
10:32 of 3rd period - Snap shot by Patrik Berglund.
10:32 of 3rd period - Shot Misses the Net.
10:56 of 3rd period - Marcel Goc is hit by Danny Richmond and loses puck.
11:22 of 3rd period - Jakub Kindl is hit by Marcel Goc and loses puck.
11:44 of 3rd period - Ryan O'Reilly is hit by Michel Ouellet and loses puck.
11:55 of 3rd period - Slapshot by Michel Ouellet.
11:55 of 3rd period - Shot Misses the Net.
11:57 of 3rd period - Wrist shot by Michel Ouellet.
11:57 of 3rd period - Deflect By Marcel Goc.
11:57 of 3rd period - Shot Misses the Net.
11:57 of 3rd period - Puck is out of play.
11:58 of 3rd period - Erik Christensen wins face-off versus Patrik Berglund in Sabres zone.
12:00 of 3rd period - Minor Penalty to Danny Richmond for Interference.
12:01 of 3rd period - Boyd Devereaux wins face-off versus Patrik Berglund in Sabres zone.
14:00 of 3rd period - Penalty to Danny Richmond is over, Danny Richmond is back on ice.
14:14 of 3rd period - Ryan O'Reilly is hit by Robyn Regehr and loses puck.
15:54 of 3rd period - Icing by Alexander Semin.
15:55 of 3rd period - Boyd Devereaux wins face-off versus Eric Staal in Flames zone.
16:04 of 3rd period - Wrist shot by Boyd Devereaux.
16:04 of 3rd period - Shot Blocked by Eric Staal.
16:06 of 3rd period - Slapshot by Randy Jones.
16:06 of 3rd period - Shot Blocked by Tomas Kaberle.
16:10 of 3rd period - Slapshot by Mike Leclerc.
16:10 of 3rd period - Stopped by Pekka Rinne without a rebound.
16:11 of 3rd period - Erik Christensen wins face-off versus Patrik Berglund in Flames zone.
16:14 of 3rd period - Snap shot by Zack Kassian.
16:14 of 3rd period - Shot Blocked by Jordin Tootoo.
16:36 of 3rd period - Steve Eminger is hit by Boyd Devereaux and loses puck.
16:55 of 3rd period - Slapshot by Danny Richmond.
16:55 of 3rd period - Stopped by Pekka Rinne with a rebound.
16:57 of 3rd period - Slapshot by Evander Kane.
16:57 of 3rd period - Stopped by Pekka Rinne without a rebound.
16:58 of 3rd period - Patrik Berglund wins face-off versus J.T. Miller in Flames zone.
17:05 of 3rd period - Zach Bogosian is hit by Mark Bell and loses puck.
17:12 of 3rd period - Snap shot by Evander Kane.
17:12 of 3rd period - Stopped by Pekka Rinne with a rebound.
17:24 of 3rd period - Snap shot by David Backes.
17:24 of 3rd period - Shot Blocked by Erik Christensen.
17:30 of 3rd period - Snap shot by David Backes.
17:30 of 3rd period - Goal by David Backes - Sabres : 2 - Flames : 5.
17:31 of 3rd period - Eric Staal wins face-off versus J.T. Miller in neutral zone.
17:44 of 3rd period - Slapshot by Evander Kane.
17:44 of 3rd period - Stopped by Pekka Rinne without a rebound.
17:45 of 3rd period - Eric Staal wins face-off versus Ryan O'Reilly in Flames zone.
18:02 of 3rd period - Snap shot by Eric Staal.
18:02 of 3rd period - Stopped by Jonas Hiller without a rebound.
18:03 of 3rd period - J.T. Miller wins face-off versus Patrik Berglund in Sabres zone.
18:03 of 3rd period - J.T. Miller is hit by Tomas Kaberle.
18:13 of 3rd period - Snap shot by J.T. Miller.
18:13 of 3rd period - Shot Misses the Net.
18:15 of 3rd period - Wrist shot by Jaromir Jagr.
18:15 of 3rd period - Stopped by Pekka Rinne with a rebound.
18:17 of 3rd period - Backhand shot by Evander Kane.
18:17 of 3rd period - Stopped by Pekka Rinne with a rebound.
18:33 of 3rd period - Tomas Kaberle is hit by Zach Bogosian and loses puck.
19:02 of 3rd period - Snap shot by Boyd Devereaux.
19:02 of 3rd period - Shot Misses the Net.
19:04 of 3rd period - Snap shot by Mike Leclerc.
19:04 of 3rd period - Shot Blocked by Steve Eminger.
19:14 of 3rd period - Ryan O'Reilly is hit by Brad Marchand and loses puck.
Goals for this period are 1 for Sabres vs 1 for Flames.
Shots for this period are 15 for Sabres vs 13 for Flames.